Map: Catalyst LE

Players

ShoWTimE

  • Race: Protoss Protoss
  • Spawn Location: 11:00

Scarlett - Winner!

  • Race: Zerg Zerg
  • League: Master
  • Spawn Location: 5:00

Event: WESG 2017 Haikou

VOD

Have the link to the VOD?

Description

Time

  • Played on: March 16, 2018, 1:09 a.m.
  • Length: 8:30

All games in this series

Show
View Real Time Build Order
Export as new Build Order

ShoWTimE Protoss 

Build Orders: 1 Gate Expand, Oracle Opening, Phoenix Opening, Zealot Archon, Archon Drop 

Get SALT Encoding   

  12  0:00  Probe  
  13  0:13  Probe  
  14  0:19  Pylon  
  14  0:25  Probe  
  15  0:37  Probe (Chrono Boost)  
  15  0:40  Gateway  
  16  0:46  Probe (Chrono Boost)  
  16  0:48  Assimilator  
  17  0:52  Probe  
  18  1:04  Probe  
  19  1:16  Probe  
  20  1:26  Nexus  
  20  1:37  Cybernetics Core  
  21  1:40  Probe  
  21  1:48  Assimilator  
  21  1:52  Probe  
  22  1:59  Pylon  
  22  2:04  Probe  
  23  2:15  Adept (Chrono Boost)  
  23  2:17  Probe  
  23  2:20  Stargate  
  26  2:27  Warp Gate  
  26  2:29  Probe  
  27  2:34  Adept  
  29  2:38  Probe (Chrono Boost)  
  31  2:48  Probe (Chrono Boost)  
  31  2:49  Probe (Chrono Boost)  
  32  2:54  Probe x2 (Chrono Boost)  
  34  3:00  Oracle (Chrono Boost)  
  34  3:05  Probe  
  38  3:06  Probe  
  38  3:12  Pylon  
  39  3:17  Probe  
  39  3:18  Probe  
  41  3:25  Gateway  
  41  3:27  Oracle (Chrono Boost)  
  41  3:29  Probe  
  43  3:34  Probe  
  43  3:38  Assimilator  
  43  3:40  Assimilator  
  45  3:41  Probe  
  45  3:46  Probe  
  46  3:53  Probe  
  47  3:57  Phoenix (Chrono Boost)  
  47  3:59  Probe, Pylon  
  47  4:05  Robotics Facility, Probe  
  48  4:11  Probe  
  48  4:14  Pylon  
  49  4:17  Probe  
  48  4:28  Probe  
  45  4:32  Probe  
  45  4:34  Twilight Council  
  45  4:40  Probe  
  45  4:44  Probe  
  46  4:49  Zealot x2  
  50  4:53  Gateway  
  50  4:54  Probe  
  50  4:56  Probe  
  52  5:00  Gateway  
  52  5:06  Probe  
  53  5:08  Probe  
  53  5:09  Warp Prism (Chrono Boost)  
  56  5:18  Probe  
  56  5:20  Templar Archives, Charge (Chrono Boost)  
  57  5:27  Probe  
  58  5:35  Gateway  
  58  5:37  Gateway  
  58  5:42  Gateway  
  58  5:49  Gateway  
  58  6:00  High Templar x4  
  61  6:04  Pylon  
  61  6:05  Archon x2  
  61  6:19  Pylon  
  61  6:21  Pylon  
  61  6:23  Shield Battery  
  61  6:25  Pylon  
  59  6:37  Zealot x3  
  65  6:41  Zealot x3  
  65  6:43  Zealot  
  67  6:51  Zealot  
  63  7:01  Zealot x5  
  72  7:16  Gateway  
  72  7:17  Pylon  
  72  7:22  High Templar x5  
  80  7:24  High Templar  
  80  7:25  Zealot  
  80  7:26  Archon  
  80  7:27  Archon  
  80  7:29  Archon  
  86  7:36  Pylon  
  86  7:50  Zealot  
  88  8:03  Zealot x6  
  75  8:17  Zealot  
Show
View Real Time Build Order
Export as new Build Order

Scarlett Zerg - Winner!

Build Orders: Hatch First 

Get SALT Encoding   

  12  0:00  Drone  
  13  0:12  Overlord  
  13  0:16  Drone  
  14  0:30  Drone x2  
  16  0:48  Hatchery  
  15  0:51  Drone  
  15  0:55  Drone  
  17  0:58  Drone  
  18  1:05  Extractor  
  17  1:13  Spawning Pool  
  17  1:18  Drone  
  17  1:20  Drone  
  18  1:31  Drone  
  19  1:38  Drone  
  20  1:49  Overlord  
  20  2:00  Queen x2  
  25  2:01  Zergling x2  
  25  2:02  Drone  
  25  2:08  Metabolic Boost  
  26  2:11  Drone  
  26  2:14  Drone  
  28  2:22  Drone x2  
  30  2:32  Drone x2  
  32  2:41  Hatchery  
  31  2:45  Overlord  
  31  2:51  Drone  
  32  2:53  Drone  
  32  2:55  Queen  
  35  3:00  Zergling x2  
  36  3:07  Drone x2  
  36  3:12  Drone x3  
  41  3:16  Drone  
  42  3:20  Zergling x2  
  42  3:26  Zergling x2  
  43  3:27  Evolution Chamber  
  43  3:30  Zergling x2  
  43  3:32  Spore Crawler  
  42  3:38  Overlord, Queen  
  44  3:44  Drone  
  44  3:45  Drone  
  44  3:46  Drone x2  
  43  3:50  Drone  
  43  3:51  Drone  
  43  3:53  Zerg Melee Weapons Level 1  
  43  3:55  Drone x2  
  45  3:59  Drone x2  
  47  4:07  Drone  
  47  4:08  Drone x2  
  50  4:12  Drone x2  
  50  4:14  Spore Crawler  
  51  4:23  Drone  
  51  4:24  Drone x4  
  54  4:30  Drone x2  
  54  4:34  Overlord  
  54  4:36  Overlord  
  54  4:37  Drone x2  
  56  4:41  Lair  
  56  4:48  Drone x3  
  56  4:50  Overlord  
  58  4:53  Overlord  
  58  4:55  Overlord  
  58  5:00  Queen  
  58  5:01  Queen  
  58  5:04  Drone  
  58  5:05  Extractor, Drone x2  
  64  5:09  Overlord  
  64  5:11  Drone  
  64  5:12  Drone, Zergling x2  
  64  5:13  Zergling x2  
  68  5:16  Zergling x4  
  68  5:20  Zergling x6  
  73  5:22  Zergling x4  
  73  5:23  Zergling x2  
  73  5:27  Drone, Baneling Nest  
  76  5:30  Zergling x2  
  76  5:32  Zergling x2  
  78  5:36  Zergling x4  
  78  5:38  Queen  
  78  5:42  Zergling x6  
  85  5:43  Zergling x4  
  85  5:45  Hydralisk Den  
  85  5:46  Zergling x6  
  85  5:48  Zergling x2  
  90  5:51  Zerg Melee Weapons Level 2  
  88  6:08  Queen  
  88  6:11  Drone x3  
  88  6:12  Drone x6  
  88  6:16  Baneling x6  
  97  6:18  Extractor, Overlord x2  
  97  6:20  Drone  
  97  6:21  Extractor  
  97  6:24  Zergling x2  
  97  6:25  Zergling x2  
  98  6:26  Overlord  
  98  6:27  Overlord  
  98  6:30  Zergling x4  
  92  6:43  Zergling x16  
  96  6:50  Drone x2  
  96  6:51  Grooved Spines  
  96  6:54  Extractor  
  91  7:02  Drone  
  91  7:03  Drone x2  
  91  7:06  Drone x2  
  91  7:07  Drone  
  94  7:08  Hatchery  
  94  7:09  Extractor  
  94  7:12  Drone x3  
  95  7:17  Hatchery  
  95  7:19  Hydralisk x5  
  104  7:27  Hydralisk x3  
  110  7:32  Hydralisk  
  110  7:33  Zergling x2  
  113  7:39  Zergling x8  
  113  7:41  Hydralisk  
  113  7:42  Zergling x2  
  113  7:43  Zergling x2  
  121  7:44  Hydralisk  
  121  7:45  Zergling x2  
  121  7:50  Hydralisk  
  123  7:51  Baneling  
  123  7:52  Baneling x6  
  121  7:59  Overlord x2  
  121  8:04  Hydralisk x3  
  121  8:05  Zergling x2  
  99  8:10  Zergling x2  
Tags
 
Add a new tag
Caveats
  • Supply blocks, unpowered buildings, or Contaminate may cause inaccurate times.
  • Supply counts are checked every 10 seconds.